 Dungeon Crawl Stone Soup version 0.29.1-13-g9f3cf754e1 (webtiles) character file.

Game seed: 8354681556758865298

35 Peloso the Covered (level 3, 0/33 HPs)
             Began as a Minotaur Fighter on Jan 30, 2023.
             Slain by an orc
             ... wielding a +0 falchion
              (6 damage)
             ... on level 2 of the Dungeon.
             The game lasted 00:01:43 (1221 turns).

Peloso the Covered (Minotaur Fighter)               Turns: 1221, Time: 00:01:44

Health: 0/33       AC:  7    Str: 20    XL:     3   Next: 16%
Magic:  2/2        EV:  8    Int:  5    God:
Gold:   63         SH:  8    Dex: 11    Spells: 2/2 levels left

rFire   . . .      SeeInvis .   a - +0 long sword
rCold   . . .      Faith    .   d - +0 kite shield
rNeg    . . .      Spirit   .   b - +0 scale mail
rPois   .          Reflect  .   (helmet restricted)
rElec   .          Harm     .   (no cloak)
rCorr   .          Rampage  .   (no gloves)
Will    .....                   (no boots)
Stlth   ..........              (no amulet)
HPRegen 0.11/turn               (no ring)
MPRegen 0.08/turn               (no ring)

@: no status effects
A: horns 2, retaliatory headbutt
a: no special abilities


You were on level 2 of the Dungeon.
You visited 1 branch of the dungeon, and saw 2 of its levels.

You collected 63 gold pieces.

Inventory:

Hand Weapons
 a - a +0 long sword (weapon)
Armour
 b - a +0 scale mail (worn)
 c - a +0 buckler
 d - a +0 kite shield (worn)
Potions
 e - a potion of might


   Skills:
 + Level 4.1 Fighting
 + Level 2.8 Long Blades
 + Level 4.2 Armour
 + Level 0.3 Dodging
 + Level 4.0 Shields


You had 2 spell levels left.
You didn't know any spells.
Your spell library contained the following spells:

 Spells                   Type           Power      Damage    Failure   Level
 Magic Dart               Conj           0%         1d3       99%         1
 Call Imp                 Summ           0%         N/A       100%        2
 Mephitic Cloud           Conj/Pois/Air  0%         N/A       100%        3


Dungeon Overview and Level Annotations

Branches:
Dungeon (2/15)

Altars:


Innate Abilities, Weirdness & Mutations

You have a pair of horns on your head.
You reflexively headbutt those who attack you in melee.


Message History

You hit the goblin but do no damage.
The orc hits you from afar with a +0 trident!
The goblin barely misses you.
You slash the goblin!
You kill the goblin!
The orc closely misses you. The orc barely misses you.
Things that are here:
a +0 dagger; a goblin corpse; a frilled lizard corpse You hit the orc.
The orc is almost dead.
The orc hits you from afar with a +0 trident.
You block the orc's attack.
You closely miss the orc.
The orc is almost dead.
The orc hits you from afar with a +0 trident.
You block the orc's attack. x2; The orc hits you but does no damage.
You completely miss the orc. You headbutt the orc, but do no damage.
The orc is almost dead.
The orc hits you from afar with a +0 trident.
You block the orc's attack.
You closely miss the orc.
The orc is almost dead.
You block the orc's attack. The orc hits you with a +0 dagger.
You barely miss the orc.
The orc is almost dead.
The orc barely misses you. The orc closely misses you.
The orc hits you with a +0 dagger. You block the orc's attack.
You barely miss the orc. You headbutt the orc.
You kill the orc!
You block the orc's attack.
Your Shields skill increases to level 4!
You hit the orc but do no damage. The orc hits you but does no damage.
The orc hits you from afar with a +0 trident.
The orc hits you with a +0 falchion!
* * * LOW HITPOINT WARNING * * *
You block the orc's attack.
You hit the orc but do no damage. You headbutt the orc, but do no damage.
You block the orc's attack. The orc hits you with a +0 falchion.
You die...

#.## #.#. ##...####
.......<# ### #......#
...# #.#......# .....
...#.#......#####......
#.#...>.........@oo.....
....###......#####....>.
.............# .....
....###......# ...# ....
#.....###### ### .#
#......#...# . #
######..#..# ..
############...#.# ...
..........##....###....


You could see 2 orcs.

Vanquished Creatures
  An orc (D:2)
  2 endoplasms (D:1)
  4 giant cockroaches (D:1)
  4 hobgoblins
  4 jackals (D:1)
  A quokka (D:2)
  6 ball pythons (D:1)
  2 bats (D:1)
  4 frilled lizards
  2 goblins (D:2)
  A kobold (D:1)
31 creatures vanquished.

Vanquished Creatures (others)
  A fungus (D:1)
1 creature vanquished.

Grand Total: 32 creatures vanquished

Notes
Turn   | Place    | Note
-------+----------+-------------------------------------------
     0 | D:1      | Peloso the Minotaur Fighter began the quest for the Orb.
     0 | D:1      | Reached XP level 1. HP: 19/19 MP: 0/0
    83 | D:1      | Found a faded altar of an unknown god.
   228 | D:1      | Reached XP level 2. HP: 17/27 MP: 1/1
  1147 | D:2      | Reached XP level 3. HP: 33/33 MP: 2/2
  1221 | D:2      | Slain by an orc

Illustrated notes

Levels and vault maps discovered:
D:1:      scummos_arrival_star, layout_basic,
          shapermc_ecumenical_altar_mp_urbaneastern
D:2:      layout_rooms, serial_rivers, chequers_serial_rivers_micro_e,
          chequers_serial_rivers_room_b, chequers_serial_rivers_marsh,
          chequers_serial_rivers_small_b, chequers_serial_rivers_room_b,
          hangedman_decor_diamond_cutter, chequers_serial_rivers_micro_c,
          chequers_serial_rivers_micro_b

Skill      XL: |  1  2  3 |
---------------+----------+-----
Fighting       | 4 |  4.1
Armour         | 4 |  4.2
Shields        | 4 |  4.0
Long Blades    | |  2.8
Dodging        | |  0.3

Action                   || total
-------------------------++-------
Melee: Long sword        ||    80
       Headbutt          ||    14
Armor: Scale mail        ||    35
Dodge: Dodged            ||    40
Block: Buckler           ||    17
       Kite shield       ||    14
